 Dungeon Crawl Stone Soup version 0.27.1-34-g3ba077fa99 (webtiles) character file.

Game seed: 3169891474879950494

100 mtoz the Covered (level 4, -1/29 HPs)
             Began as a Gargoyle Fighter on Jan 5, 2022.
             Killed by divine providence
             ... invoked by an orc priest
              (16 damage)
             ... on level 3 of the Dungeon on Jan 6, 2022.
             The game lasted 00:08:35 (2659 turns).

mtoz the Covered (Gargoyle Fighter)                 Turns: 2659, Time: 00:08:36

Health: -1/29      AC: 13    Str: 20    XL:     4   Next: 73%
Magic:  4/4        EV: 11    Int:  9    God:
Gold:   1420       SH:  9    Dex:  9    Spells: 3/3 levels left

rFire    . . .     SeeInvis .   a - +0 war axe
rCold    . . .     Faith    .   c - +0 kite shield
rNeg     + . .     Spirit   .   b - +0 scale mail
rPois    ∞         Reflect  .   (no helmet)
rElec    +         Harm     .   i - +2 cloak
rCorr    .         Rampage  .   (no gloves)
Will     .....                  (no boots)
Stlth    ..........             (no amulet)
HPRegen  0.09/turn              q - +4 ring of evasion
MPRegen  0.09/turn              (no ring)

@: no status effects
A: sickness immunity, AC +3, negative energy resistance 1, electricity
resistance, torment resistance 1, petrification resistance
a: no special abilities


You were on level 3 of the Dungeon.
You visited 1 branch of the dungeon, and saw 3 of its levels.

You collected 1420 gold pieces.

Inventory:

Hand Weapons
 a - a +0 war axe (weapon)
Armour
 b - a +0 scale mail (worn)
 c - a +0 kite shield (worn)
 i - a +2 cloak (worn)
Jewellery
 p - an amulet of faith
 q - a +4 ring of evasion (left hand)
Scrolls
 h - 2 scrolls of enchant weapon {unknown}
 k - a scroll of brand weapon
 l - a scroll of teleportation {unknown}
 m - a scroll of blinking {unknown}
 n - a scroll of magic mapping
Potions
 d - a potion of might
 e - 4 potions of heal wounds {unknown}
 f - a potion of flight
 j - a potion of curing


   Skills:
 + Level 4.0 Fighting
 + Level 2.5 Axes
 + Level 4.1 Armour
 + Level 4.0 Shields


You had 3 spell levels left.
You didn't know any spells.
Your spell library contained the following spells:

 Spells                   Type           Power      Damage    Failure   Level
 Sting                    Tmut/Pois      0%         1d3       99%         1
 Poisonous Vapours        Pois/Air       0%         N/A       100%        2
 Ozocubu's Armour         Ice            0%         N/A       100%        3
 Olgreb's Toxic Radiance  Pois           0%         N/A       100%        4
 Ozocubu's Refrigeration  Ice            0%         4d5       100%        7


Dungeon Overview and Level Annotations

Branches:
Dungeon (3/15)

Altars:
Dithmenos
Qazlal
Ru
Uskayaw
Wu Jian


Innate Abilities, Weirdness & Mutations

You are immune to sickness and miasma.
Your stone body is resilient. (AC +3)
You are immune to poison.
You resist negative energy. (rN+)
You are resistant to electric shocks. (rElec)
You are resistant to unholy torment.
You are immune to petrification.


Message History

The orc wizard is lightly wounded.
The orc wizard hits you but does no damage.
An orc priest comes into view. It is wielding a +1 whip of venom.
The orc wizard points at you and mumbles some strange words.
You are confused.
You are too confused!
You are too confused!
You are too confused!
You bump into the rock wall.
The orc priest shouts!
You bump into the rock wall.
The orc wizard gestures wildly while chanting.
The orc wizard flickers and vanishes!
Your shield and scale mail prevent you from hitting the orc.
The orc hits you but does no damage.
You bump into the rock wall.
The orc hits you with a +0 flail!
You barely miss the orc. The orc barely misses you. The orc closely misses you.
You're too confused to move!
You feel less confused. You block the orc's attack.
You hit the orc.
The orc is heavily wounded.
The orc closely misses you.
You hit the orc but do no damage.
The orc is heavily wounded.
You block the orc's attack. The orc hits you with a +0 flail.
You closely miss the orc.
The orc is heavily wounded.
The orc hits you with a +0 flail. The orc barely misses you.
Your shield and scale mail prevent you from hitting the orc.
The orc is heavily wounded.
The orc hits you but does no damage.
You slash the orc!
You kill the orc!
Something hits you but does no damage.
You miss something.
The orc priest invokes the aid of Beogh against you.
Beogh smites you!
Ouch! That really hurt!
You die...

#########
#.......#
#.#####.####
#.#........#
#.#.######.#
#.#......#.#
#.#....#.#@#
#.#....#.#)#
#........#.#
###.#....#.#
.########.#)...#o#
.......##.#....#.#
######.##......#.#
######.####....#.#
#.......###....#


You could see an orc priest.

Vanquished Creatures
  An adder (D:3)
  A worm (D:3)
  3 dart slugs
  7 orcs (D:3)
  6 bats
  An endoplasm (D:1)
  5 giant cockroaches
  5 goblins
  2 hobgoblins
  14 jackals
  A quokka (D:3)
  6 ball pythons
  4 frilled lizards
  3 kobolds
  7 rats
66 creatures vanquished.

Notes
Turn   | Place    | Note
-------+----------+-------------------------------------------
     0 | D:1      | mtoz the Gargoyle Fighter began the quest for the Orb.
     0 | D:1      | Reached XP level 1. HP: 14/14 MP: 1/1
   159 | D:1      | Found a faded altar of an unknown god.
   168 | D:1      | Reached XP level 2. HP: 18/19 MP: 2/2
   559 | D:1      | Reached XP level 3. HP: 23/23 MP: 3/3
  1432 | D:2      | Reached XP level 4. HP: 29/29 MP: 4/4
  1525 | D:2      | Found an ornate altar of the Wu Jian Council.
  2045 | D:3      | Found a stormy altar of Qazlal.
  2046 | D:3      | Found a sacrificial altar of Ru.
  2047 | D:3      | Found a hide-covered altar of Uskayaw.
  2419 | D:3      | Found a shadowy altar of Dithmenos.
  2618 | D:3      | Identified a scroll of acquirement
  2621 | D:3      | Acquired 1303 gold pieces
  2659 | D:3      | Killed from afar by an orc priest

Illustrated notes

Levels and vault maps discovered:
D:1:      lemuel_arrival_funnel, layout_loops_ring,
          hellmonk_ecumenical_altar_lost_god
D:2:      layout_loops_ring, basic_altar, hangedman_decor_growths,
          bh_walls_and_bars
D:3:      layout_basic, nicolae_dithmenos_through_a_glass_darkly,
          chequers_temple_overflow_statue_of_worship

Skill      XL: |  1  2  3  4 |
---------------+-------------+-----
Axes           | 2 |  2.5
Armour         | 4 |  4.1
Shields        | 4 |  4.0
Fighting       | 4 |  4.0

Action                   |  1- 3 |  4- 6 || total
-------------------------+-------+-------++-------
Melee: War axe           |   127 |    97 ||   224
  Use: Scroll            |       |     6 ||     6
Armor: Scale mail        |    76 |    54 ||   130
Dodge: Dodged            |    55 |    35 ||    90
Block: Kite shield       |    69 |    57 ||   126
